[Event "*** Titled Tuesday Blitz"]
[Site "Chess.com"]
[Date "2021.03.30"]
[Round "2"]
[White "sergeikim"]
[Black "DeTimmerman"]
[Result "0-1"]
[WhiteElo "2503"]
[BlackElo "2730"]
[TimeControl "180+1"]
[EndTime "10:17:30 PDT"]
[Termination "DeTimmerman won by resignation"]

1. d4 Nf6 2. c4 e6 3. Nc3 Bb4 4. Qc2 O-O 5. a3 Bxc3+ 6. Qxc3 b5 7. cxb5 c6 8. e3 cxb5 9. Bxb5 Bb7 10. Nf3 Ne4 11.
Qb4 Nc6 12. Qa4 a6 13. Bd3 Qa5+ 14. Qxa5 Nxa5 15. Nd2 Nxd2 16. Bxd2 Nb3 17. Rb1 Bxg2 18. Rg1 Bf3 19. Bc2 Rfb8 20. Bxb3 Rxb3 21. Bc3 Rab8 22. Kd2 g6 23. Rbc1 a5 24. Rg3 Bc6 25. f3 R8b5 26. e4 Rh5 27. h3 f5 28. Ke3 fxe4 29. fxe4 Rh4 30. e5 Re4+ 31. Kd2 Rxd4+ 32. Bxd4 Rxg3 33.
Rc3 Rg2+ 34. Ke3 a4 35. Bc5 Rxb2 36. Bd6 Rh2 37. Kd4 g5 38. Rg3 h6 39. Be7 Kh7 40. Kc5 Kg6 41. Kd6 Kh5 42. Bf8 Rd2+ 43. Ke7 Rf2 44.
Rc3 Kg6 45. Ke8 Bb5 46. Bd6 Bc6 47. Ke7 h5 48. Rc4 Kf5 49. Kf7 g4 50. hxg4+ hxg4 51. Rc1 g3 52. Kg7 g2 0-1

[Event "*** Titled Tuesday Blitz"]
[Site "Chess.com"]
[Date "2021.03.30"]
[Round "2"]
[White "Mili_Brizzi"]
[Black "Blitzking642"]
[Result "1-0"]
[WhiteElo "2296"]
[BlackElo "2449"]
[TimeControl "180+1"]
[EndTime "10:17:30 PDT"]
[Termination "Mili_Brizzi won by checkmate"]

1. e4 e6 2. d3 d5 3. Nd2 Nf6 4. Ngf3 Nc6 5. e5 Nd7 6. d4 f6 7. Bb5 fxe5 8. dxe5 Be7 9. O-O O-O 10. Bxc6 bxc6 11.
Nb3 c5 12. c3 a5 13. a4 Bb7 14. Be3 d4 15. cxd4 Bxf3 16. gxf3 cxd4 17. Nxd4 Qe8 18. Kh1 Nxe5 19. Nxe6 Qc6 20. Nd4 Qf6 21. f4 Ng6 22.
Qb3+ Kh8 23. Qe6 Nxf4 24. Qxf6 Bxf6 25. Rac1 Nd5 26. Ne6 Rfc8 27. Rc2 c6 28. Bc1 Rab8 29. Rc5 Ra8 30. Rd1 Be7 31. Rc4 Bb4 32. Rg4 Ra7 33. Rdg1 Rg8 34. Ng5 Rf8 35. Rh4 h6 36. Ne4 Re7 37. Rg2 Ref7 38. Kg1 Re7 39. Be3 Rfe8 40. Bd4 Kg8 41. Rxh6 c5 42. Bf6 Rxe4 43. Rxg7+ Kf8 44.
Rh8# 1-0

[Event "*** Titled Tuesday Blitz"]
[Site "Chess.com"]
[Date "2021.03.30"]
[Round "2"]
[White "Srinavasan"]
[Black "deribas12345"]
[Result "1-0"]
[WhiteElo "2968"]
[BlackElo "2589"]
[TimeControl "180+1"]
[EndTime "10:17:31 PDT"]
[Termination "Srinavasan won by resignation"]

1. c4 c5 2. g3 Nc6 3. Bg2 Nf6 4. Nc3 g6 5. e3 Bg7 6. Nge2 O-O 7. O-O e5 8. d3 d6 9. a3 a5 10. b3 Be6 11. Nd5 Ne7 12. Nxf6+ Bxf6 13. Bxb7 Rb8 14.
Bg2 e4 15. Rb1 exd3 16. Nf4 Bxc4 17. Nxd3 Ba6 18. Re1 Nf5 19. Nf4 c4 20. Nd5 Bg7 21. Bd2 cxb3 22. Rxb3 Bc4 23. Rxb8 Qxb8 24. Bxa5 Qb2 25.
Bb4 Re8 26. Qd2 Qb3 27. Rc1 h5 28. Qd1 Qa2 29. Rc2 Qb3 30. Rd2 h4 31. Qxb3 Bxb3 32. g4 Nh6 33. h3 Be5 34. f4 Bg7 35. Kf2 Re6 36. Nc7 Re7 37. Bxd6 Rd7 38. Bc6 Rd8 39. Bb4 Rc8 40. Nd5 Kh7 41. Ne7 Rb8 42. Bd5 Ba4 43. g5 Nf5 44. Nxf5 gxf5 45. Bxf7 Rb7 46. Be6 Ba1 47. Bxf5+ Kg7 48. Rd6 Bb3 49. Rd7+ Rxd7 50. Bxd7 Kf7 51. Bc5 Be6 52. Bxe6+ Kxe6 53. Bd4 1-0

[Event "*** Titled Tuesday Blitz"]
[Site "Chess.com"]
[Date "2021.03.30"]
[Round "2"]
[White "davidkalashian"]
[Black "liczner"]
[Result "0-1"]
[WhiteElo "2542"]
[BlackElo "2818"]
[TimeControl "180+1"]
[EndTime "10:17:31 PDT"]
[Termination "liczner won on time"]

1. d4 Nf6 2. c4 g6 3. Nc3 d5 4. Bf4 Bg7 5. e3 O-O 6. Rc1 Be6 7. c5 c6 8. Nf3 Bg4 9. Be2 Nh5 10. Be5 Bxf3 11.
Bxf3 Bxe5 12. dxe5 Ng7 13. Bg4 Na6 14. Ne2 Qa5+ 15.
Qd2 Qxa2 16. Nd4 Qa4 17. Be2 Ne6 18. Nxe6 fxe6 19. f4 Nc7 20. O-O a5 21. Rc3 Qb4 22. Qc2 a4 23. Ra1 Nb5 24. Rd3 d4 25. Bg4 dxe3 26. Bxe6+ Kg7 27. Rd7 Qxf4 28. Rxe7+ Kh8 29. h3 Nd4 30. Qd3 Qxe5 31. Kh1 Nxe6 0-1

[Event "*** Titled Tuesday Blitz"]
[Site "Chess.com"]
[Date "2021.03.30"]
[Round "2"]
[White "Abund"]
[Black "erdni1993"]
[Result "1-0"]
[WhiteElo "2738"]
[BlackElo "2509"]
[TimeControl "180+1"]
[EndTime "10:17:31 PDT"]
[Termination "Abund won by resignation"]

1. e4 c5 2. Nf3 e6 3. g3 Nc6 4.
Bg2 d6 5. O-O g6 6. c3 Bg7 7. d4 Nge7 8. dxc5 dxc5 9. Qe2 O-O 10. Rd1 Qa5 11. Nbd2 b5 12. Nb3 Qc7 13. Qxb5 Rd8 14.
Bf4 Rxd1+ 15. Rxd1 Qb6 16. Qxc5 Ba6 17. Rd7 Bf8 18.
Rd1 Nc8 19. Qe3 Bc4 20. Nfd2 Qa6 21. Nxc4 Qxc4 22. e5 Rb8 23. Qe4 Qxe4 24. Bxe4 N8e7 25. Rd2 Bg7 26. Rd7 Kf8 27. Kg2 Bxe5 28. Bxe5 Nxe5 29. Rc7 f5 30. Bf3 Kf7 31. Be2 Kf6 32. Rxa7 N5c6 33.
Ra6 Rd8 34. Nc5 Rd5 35. b4 g5 36. Bf3 Rd6 37. b5 g4 38. Bxc6 f4 39. gxf4 Ng6 40. Ne4+ Ke7 41. Nxd6 1-0

[Event "*** Titled Tuesday Blitz"]
[Site "Chess.com"]
[Date "2021.03.30"]
[Round "2"]
[White "bsnsun"]
[Black "eljanov"]
[Result "0-1"]
[WhiteElo "2461"]
[BlackElo "2869"]
[TimeControl "180+1"]
[EndTime "10:17:31 PDT"]
[Termination "eljanov won by resignation"]

1. Nf3 d5 2. d4 Nf6 3. c4 e6 4. g3 Bb4+ 5. Bd2 Be7 6. Bg2 O-O 7. Qc2 Nbd7 8. O-O Ne4 9. a3 a5 10. Nc3 Nxd2 11. Nxd2 Nf6 12. Rad1 c6 13. e4 b6 14.
Rfe1 Bb7 15. e5 Nd7 16. cxd5 cxd5 17. Nb5 Rc8 18. Qb3 Nb8 19. Rc1 Nc6 20. Nf3 Qd7 21.
Rc2 Ba6 22. Rec1 Nb4 23. axb4 Rxc2 24. Qxc2 Bxb5 25. bxa5 bxa5 26. Bf1 Bxf1 27. Kxf1 Rb8 28. Kg2 g6 29. h4 h5 30. Qc3 a4 31. Rc2 Rb3 32. Qc8+ Qxc8 33. Rxc8+ Kg7 34. Ra8 Rb4 35. Ne1 Rxd4 36. Nc2 Re4 37. Ne3 Bc5 38. Kf3 Rb4 39. Ra5 Bd4 40. g4 Bxe3 41. Kxe3 Rxg4 42. f3 Rxh4 43. f4 Rh3+ 0-1

[Event "*** Titled Tuesday Blitz"]
[Site "Chess.com"]
[Date "2021.03.30"]
[Round "2"]
[White "biveklama"]
[Black "GMaka"]
[Result "1-0"]
[WhiteElo "2319"]
[BlackElo "2459"]
[TimeControl "180+1"]
[EndTime "10:17:31 PDT"]
[Termination "biveklama won by resignation"]

1. e4 c6 2. d4 d5 3. Nc3 dxe4 4. Nxe4 Bf5 5. Ng3 Bg6 6. h4 h6 7. Nh3 Nf6 8. Nf4 Bh7 9. Be3 Nbd7 10. Bd3 Bxd3 11.
Qxd3 e5 12. dxe5 Nxe5 13. Qb3 Qa5+ 14. Bd2 Qb5 15. Qxb5 cxb5 16. Bc3 Bd6 17. O-O-O Nc4 18. Rhe1+ Kf8 19. Rxd6 Nxd6 20. Bb4 g5 21. Bxd6+ Kg7 22. Nd3 Rhe8 23. Rh1 Ne4 24. Be5+ f6 25. Nxe4 fxe5 26. hxg5 hxg5 27. Nxg5 Kg6 28. Ne4 a6 29. Rh3 Rad8 30.
Rg3+ Kf5 31. f3 Rg8 32. Kd2 b6 33. Ke3 Ke6 34. Ng5+ Kd5 35. Ne4 Rxg3 36. Nxg3 Rg8 37. Ne2 a5 38. g4 b4 39. c3 Rh8 40. cxb4 a4 41. Nc3+ Kc4 42. Nxa4 b5 43. Nc3 Rh2 44. Ne2 Rh1 45. b3+ Kd5 46. g5 1-0

[Event "*** Titled Tuesday Blitz"]
[Site "Chess.com"]
[Date "2021.03.30"]
[Round "2"]
[White "chessmachine14"]
[Black "suyu28"]
[Result "0-1"]
[WhiteElo "2324"]
[BlackElo "2613"]
[TimeControl "180+1"]
[EndTime "10:17:32 PDT"]
[Termination "suyu28 won by checkmate"]

1. e4 c5 2. Nf3 d6 3. d4 cxd4 4. Nxd4 Nf6 5. Nc3 g6 6. Be2 Bg7 7. O-O O-O 8. Re1 Nc6 9. Nb3 Be6 10. Bf1 Rc8 11. Bg5 Ne5 12. Nd5 Bxd5 13. exd5 Nc4 14. Bxc4 Rxc4 15. Qd2 Qc7 16. c3 Ne4 17. Qe3 Nxg5 18.
Qxg5 Bf6 19. Qe3 a5 20. Rad1 a4 21. Nd2 Rc5 22. Ne4 Rb5 23. Nxf6+ exf6 24. Qd4 Kg7 25. Re2 Rc8 26. Rde1 Qc5 27. Qxa4 Qxd5 28. h3 Ra5 29. Qf4 Rxa2 30. Rd2 Qg5 31. Qxd6 Rxc3 32. Re7 Rc1+ 33. Kh2 Ra8 34. Qd7 Rf8 35. Rde2 Qf4+ 36. g3 Qf3 37. Qxb7 Rh1# 0-1

[Event "*** Titled Tuesday Blitz"]
[Site "Chess.com"]
[Date "2021.03.30"]
[Round "2"]
[White "MYMChessAcademy"]
[Black "Tpros"]
[Result "0-1"]
[WhiteElo "2254"]
[BlackElo "2461"]
[TimeControl "180+1"]
[EndTime "10:17:32 PDT"]
[Termination "Tpros won by checkmate"]

1. e4 c5 2. Nf3 d6 3. d4 cxd4 4.
Nxd4 Nf6 5. Nc3 g6 6. Be3 a6 7. Be2 Bg7 8. O-O O-O 9. Qd2 Bd7 10. Rad1 Nc6 11. a3 Nxd4 12. Bxd4 Bc6 13. Bf3 Rc8 14. Rfe1 b5 15. Nd5 Bxd5 16. exd5 Re8 17. Bxf6 Bxf6 18.
Bg4 Rc5 19. c3 a5 20. Re3 Qb6 21. Rh3 Bg7 22. Qf4 b4 23. axb4 axb4 24. cxb4 Rc2 25.
Rg3 Be5 26. Qh6 Qxf2+ 27. Kh1 Bxg3 28. Qh3 Be5 29. Qf3 Qxf3 30. Bxf3 Rxb2 31. Rf1 Rxb4 32. Bg4 f5 33. Be2 Rc8 34. Ba6 Rc2 35. Bd3 Rd2 36.
Ba6 Rbb2 37. Rg1 Bd4 38. Rf1 Rxg2 39. Rf2 Rbxf2 40. Bc8 Rxh2+ 41. Kg1 Rfg2+ 42. Kf1 Rg1# 0-1

[Event "*** Titled Tuesday Blitz"]
[Site "Chess.com"]
[Date "2021.03.30"]
[Round "2"]
[White "canary2016"]
[Black "c_r_e_e_p_e_r"]
[Result "0-1"]
[WhiteElo "2011"]
[BlackElo "2384"]
[TimeControl "180+1"]
[EndTime "10:17:33 PDT"]
[Termination "c_r_e_e_p_e_r won by checkmate"]

1. d4 d5 2. c4 c6 3. Nf3 Nf6 4. g3 dxc4 5. Bg2 b5 6. Ne5 Bb7 7. Nc3 a6 8. O-O e6 9. b3 b4 10. Na4 c3 11. a3 a5 12. Nc5 Bxc5 13. dxc5 Qxd1 14. Rxd1 O-O 15. Bg5 Nd5 16. Bxd5 cxd5 17. Be7 Rc8 18. Bd6 f6 19. Nf3 Na6 20. axb4 axb4 21. Ra5 e5 22. e3 d4 23. Ne1 Be4 24. exd4 c2 25. Rc1 exd4 26. Nxc2 d3 27. Ne3 Bf3 28.
Rc4 d2 29. Rd4 Nxc5 30. Rxa8 Rxa8 31. Rxd2 Ra1+ 32. Nf1 Nxb3 33. Rb2 Nd4 34. Bxb4 Ne2+ 35. Rxe2 Bxe2 36. Kg2 Rxf1 37. h4 Rb1 38. Bd2 Rd1 39. Be3 Kf7 40. Bf4 Ke6 41. Be3 Kf5 42. Bf4 g5 43. hxg5 fxg5 44. Be3 g4 45. Bc5 Bf3+ 46. Kh2 Rh1# 0-1

[Event "*** Titled Tuesday Blitz"]
[Site "Chess.com"]
[Date "2021.03.30"]
[Round "2"]
[White "adriangschnitzer"]
[Black "jacky72"]
[Result "0-1"]
[WhiteElo "2487"]
[BlackElo "2698"]
[TimeControl "180+1"]
[EndTime "10:17:34 PDT"]
[Termination "jacky72 won by checkmate"]

1. e4 e5 2. Nf3 Nc6 3. Bc4 Bc5 4. c3 Nf6 5. d3 a6 6. a4 d6 7. O-O h6 8. Re1 Ba7 9. Nbd2 g5 10. b4 g4 11. Nh4 Qe7 12. Nb3 Nxe4 13. Rxe4 Qxh4 14.
g3 Qf6 15. d4 Be6 16. Bxe6 fxe6 17. b5 Ne7 18. bxa6 bxa6 19. Be3 Ng6 20. Qxg4 h5 21.
Qe2 h4 22. Qxa6 hxg3 23. Qc6+ Kf7 24. Qxc7+ Ne7 25. fxg3 Rhc8 26. Qxd6 Nf5 27. Qd7+ Qe7 28. Qxe7+ Kxe7 29. Rxe5 Rxc3 30. Bg5+ Kd6 31. Nc5 Nxd4 32. Bf4 Nf3+ 33. Kg2 Kc6 34. Nxe6 Nxe5 35. Bxe5 Re3 36. Nd4+ Kd5 37. Rd1 Kxe5 38. Nc6+ Ke6 39. a5 Re2+ 40.
Kf3 Rxh2 41. a6 Bb6 42. Ke4 Rxa6 43. g4 Ra4+ 44. Kf3 Rh3+ 45. Kg2 Rc3 46. Re1+ Kd6 47. Ne7 Ra2+ 48. Kh1 Rh3# 0-1

[Event "*** Titled Tuesday Blitz"]
[Site "Chess.com"]
[Date "2021.03.30"]
[Round "2"]
[White "Agoking701"]
[Black "manitodeplomo"]
[Result "1/2-1/2"]
[WhiteElo "2323"]
[BlackElo "2572"]
[TimeControl "180+1"]
[EndTime "10:17:34 PDT"]
[Termination "Game drawn by repetition"]

1. e4 g6 2. d4 Bg7 3. Nc3 c5 4. d5 d6 5. f4 Nf6 6. Nf3 O-O 7. Bd3 e6 8. O-O exd5 9. exd5 a6 10. a4 Qc7 11.
Re1 Bg4 12. h3 Bxf3 13. Qxf3 Nbd7 14. Be3 Rae8 15. Kh2 Re7 16. Bf2 Rfe8 17. Rxe7 Rxe7 18. Re1 Rxe1 19. Bxe1 c4 20. Bf1 Qc5 21. Qe2 b5 22.
axb5 axb5 23. b3 cxb3 24. cxb3 b4 25. Ne4 Qxd5 26. Nxf6+ Nxf6 27. Bxb4 Qxb3 28. Bxd6 Qd5 29. Be5 Ne4 30. Bxg7 Kxg7 31. g3 Qd4 32. Bg2 f5 33. Bxe4 fxe4 34. Kg2 h5 35. g4 h4 36. Kf1 Kf6 37.
Qa6+ Kg7 38. Qb7+ Kf8 39. Qc8+ Ke7 40. Qc7+ Ke6 41. Qc6+ Kf7 42. Qc7+ Ke8 43. Qc8+ Ke7 44. Qc7+ Ke6 45. Qc6+ Ke7 46. Qc7+ 1/2-1/2

[Event "*** Titled Tuesday Blitz"]
[Site "Chess.com"]
[Date "2021.03.30"]
[Round "2"]
[White "VladimirBugayev"]
[Black "CheckThis4"]
[Result "0-1"]
[WhiteElo "2290"]
[BlackElo "2619"]
[TimeControl "180+1"]
[EndTime "10:17:35 PDT"]
[Termination "CheckThis4 won by resignation"]

1. e4 c5 2. Nc3 Nc6 3. Bb5 Nd4 4. Nf3 Nxb5 5. Nxb5 a6 6. Nc3 d6 7. d4 cxd4 8. Qxd4 e5 9. Qb4 Be7 10. Be3 Nf6 11.
Bb6 Qd7 12. O-O-O O-O 13. Nxe5 dxe5 14. Qa5 Qc6 15. Nd5 Nxd5 16. exd5 Qh6+ 17. Kb1 Bd6 18. c4 Bf5+ 19. Ka1 e4 20. Bd4 Rac8 21. c5 Bc7 22. Qc3 Rfd8 23. Qb3 Bg4 24. f3 exf3 25. gxf3 Bh5 26.
Rhg1 Bg6 27. d6 Bb8 28. Qxb7 Qxh2 29. Qxa6 h5 30. d7 Rc7 31. Rxg6 fxg6 32. c6 Qd6 33. Qc4+ Kh7 34. Qf7 Rdxd7 35. cxd7 Qxd4 36. d8=Q Qxd8 37. Qb3 Rd7 38. Rg1 Be5 39. Qc2 Qf6 40. a3 Rb7 41. Rb1 Qd6 42. Ka2 Qd5+ 43. b3 Rc7 44.
Qe2 Bf6 45. Qe4 Qxe4 46. fxe4 Rc2+ 0-1

[Event "*** Titled Tuesday Blitz"]
[Site "Chess.com"]
[Date "2021.03.30"]
[Round "2"]
[White "ehrenfeld"]
[Black "Godzillator"]
[Result "1-0"]
[WhiteElo "2527"]
[BlackElo "2304"]
[TimeControl "180+1"]
[EndTime "10:17:35 PDT"]
[Termination "ehrenfeld won by checkmate"]

1. e4 c6 2. d4 d5 3. exd5 cxd5 4. Bd3 Nc6 5. c3 Nf6 6. Bf4 Bg4 7. Qb3 Qc8 8. Nd2 e6 9. Ngf3 Be7 10. O-O Bh5 11. Rfe1 a6 12. a4 Bg6 13. Bf1 O-O 14. Ne5 Nxe5 15. Bxe5 Qc6 16. a5 Nd7 17. Bg3 Bd6 18.
Qa4 Bxg3 19. hxg3 Qc7 20. Qa3 Rfb8 21. Nb3 Bc2 22. Nc5 Nxc5 23. Qxc5 Rc8 24. Qxc7 Rxc7 25. Rec1 Bg6 26. f3 h6 27. Kf2 Kf8 28. Ke3 Ke7 29. Ra3 Kd6 30. Rb3 Rac8 31. Rb6+ Kd7 32. g4 Re8 33. Kd2 Kc8 34. b3 Rd8 35. Ke3 Re8 36.
f4 Be4 37. g3 f6 38. c4 e5 39. fxe5 fxe5 40. dxe5 Rxe5 41. Kd4 Ree7 42. c5 Bf3 43. Bd3 Bxg4 44. c6 Kb8 45. Bxa6 Ka7 46. Bxb7 Re4+ 47. Kc5 Be2 48. Re1 Re3 49. Rxe2 Rc3+ 50. Kd6 Rxb7 51. cxb7 Kb8 52. Re8+ Rc8 53. Rxc8+ Ka7 54. Ra8# 1-0

[Event "*** Titled Tuesday Blitz"]
[Site "Chess.com"]
[Date "2021.03.30"]
[Round "2"]
[White "Mihnea2017"]
[Black "Susik_Gaboyan"]
[Result "1-0"]
[WhiteElo "2457"]
[BlackElo "2251"]
[TimeControl "180+1"]
[EndTime "10:17:35 PDT"]
[Termination "Mihnea2017 won on time"]

1. e4 c5 2. Nf3 Nc6 3. d4 cxd4 4. Nxd4 Nf6 5. Nc3 e5 6. Ndb5 d6 7. Nd5 Nxd5 8. exd5 Ne7 9. c4 Ng6 10. Be2 Be7 11.
g3 O-O 12. h4 e4 13. Be3 a6 14. Nc3 f5 15. Qc2 b5 16. cxb5 axb5 17. Bxb5 Ne5 18. O-O-O Ba6 19. Bxa6 Rxa6 20. Kb1 Qa5 21. Rd4 Qc7 22. Ra4 Rxa4 23. Qxa4 Qb7 24. Qb5 Qa8 25. Bd4 Rb8 26. Qa4 Qb7 27. b3 Bf6 28. Rd1 Rc8 29. Qb5 Qc7 30. Kb2 Ng4 31. Bxf6 Nxf6 32. Qc6 Qb8 33.
Qb5 Qa7 34. Rd2 e3 35. fxe3 Qxe3 36. Rc2 Qxg3 37. a4 Ne4 38. Nxe4 Rxc2+ 39. Kxc2 Qg2+ 40. Nd2 1-0

[Event "*** Titled Tuesday Blitz"]
[Site "Chess.com"]
[Date "2021.03.30"]
[Round "2"]
[White "BrandonJacobson"]
[Black "FoggyMorning"]
[Result "1-0"]
[WhiteElo "2972"]
[BlackElo "2592"]
[TimeControl "180+1"]
[EndTime "10:17:38 PDT"]
[Termination "BrandonJacobson won by resignation"]

1. d4 Nf6 2. c4 e6 3. Nf3 Bb4+ 4. Nbd2 b6 5. a3 Bxd2+ 6. Qxd2 Bb7 7. e3 d6 8. b4 Nbd7 9. Bb2 O-O 10. Be2 Ne4 11.
Qc2 Qe7 12. O-O f5 13. d5 e5 14. Nd2 Nxd2 15. Qxd2 f4 16. a4 a5 17. bxa5 Rxa5 18.
Bc3 Raa8 19. a5 Nc5 20. Rfb1 Qg5 21. exf4 Rxf4 22. f3 Qg6 23. Rb2 Bc8 24. Rab1 Bh3 25.
g3 Raf8 26. axb6 cxb6 27. Qe3 h5 28. Rxb6 h4 29. Be1 hxg3 30. Bxg3 R4f6 31. Rb8 Bf5 32.
Rxf8+ Rxf8 33. Rb6 Rf6 34. Kf2 Bd3 35. Bxd3 Nxd3+ 36. Kg1 Nf4 37. Rb8+ Kh7 38. Qe4 Rf5 39. Kh1 Qg5 40.
Rf8 Qh5 41. Qxf5+ 1-0

[Event "*** Titled Tuesday Blitz"]
[Site "Chess.com"]
[Date "2021.03.30"]
[Round "2"]
[White "AndrewMaco"]
[Black "katchesskat"]
[Result "1-0"]
[WhiteElo "2626"]
[BlackElo "2315"]
[TimeControl "180+1"]
[EndTime "10:17:38 PDT"]
[Termination "AndrewMaco won by resignation"]

1. e4 c5 2. Nf3 e6 3. g3 Be7 4. Bg2 h5 5. O-O h4 6. c4 a6 7. Nc3 Qc7 8. d4 cxd4 9. Nxd4 Nf6 10. b3 hxg3 11. hxg3 Bc5 12. Be3 Nc6 13. Rc1 Ne5 14. Bf4 g5 15. Bxg5 Nfg4 16. Bf4 d6 17. Na4 Ba7 18. Nf3 Nxf3+ 19. Qxf3 Nh2 20. Qd3 e5 21. Bg5 Nxf1 22. Rxf1 Bh3 23. Bxh3 Rxh3 24. Rd1 Kd7 25. Kg2 Rah8 26. Bh4 R8xh4 27. gxh4 Rxd3 28. Rxd3 b5 29. cxb5 axb5 30. Nc3 Ke6 31. Nd5 Qc2 32. Rf3 Qxe4 33. Nf6 Bd4 34. Nxe4 f5 35. Ng5+ Kf6 36. a3 e4 37.
Nxe4+ Ke5 38. Ng5 d5 39. a4 bxa4 40. bxa4 Bb6 41. Rd3 Ba5 42. h5 Kf6 43. Nf3 Ke6 44. h6 Bd8 45. h7 Bf6 46. a5 Kd6 47. a6 Kc6 48. a7 Kb7 49. Rxd5 Kxa7 50. Rxf5 Bg7 51.
Rf7+ 1-0

[Event "*** Titled Tuesday Blitz"]
[Site "Chess.com"]
[Date "2021.03.30"]
[Round "2"]
[White "kflorian98"]
[Black "03revilo"]
[Result "1-0"]
[WhiteElo "2688"]
[BlackElo "2338"]
[TimeControl "180+1"]
[EndTime "10:17:38 PDT"]
[Termination "kflorian98 won by checkmate"]

1. d4 d5 2. Nf3 e6 3. g3 Nf6 4.
Bg2 Be7 5. O-O O-O 6. c4 c6 7.
Qc2 b6 8. Nbd2 Bb7 9. e4 Na6 10.
cxd5 cxd5 11. e5 Nd7 12. a3 Rc8 13. Qb1 b5 14. Nb3 Nab8 15. Bd2 Nc6 16. h4 h6 17. Qd3 Qb6 18. Qe3 a5 19. Qf4 Kh8 20.
Qg4 Rfe8 21. Qh5 Kg8 22. Be3 a4 23. Nc1 b4 24. Nd3 Ba6 25. Nf4 Bxf1 26. Rxf1 bxa3 27.
bxa3 Bxa3 28. Bh3 Nf8 29. Qg4 Bb2 30. Nh5 Ng6 31. Nxg7 Kxg7 32. h5 a3 33. hxg6 fxg6 34. Qh4 Rc7 35. Bxh6+ Kg8 36. Qg4 Ree7 37. Qxg6+ Kh8 38.
Bg5 Rg7 39. Qh5+ Kg8 40. Qe8+ Kh7 41. Bxe6 Nxd4 42. Qh5# 1-0

[Event "*** Titled Tuesday Blitz"]
[Site "Chess.com"]
[Date "2021.03.30"]
[Round "2"]
[White "Iskusnyh"]
[Black "Spring199"]
[Result "1-0"]
[WhiteElo "2640"]
[BlackElo "2343"]
[TimeControl "180+1"]
[EndTime "10:17:39 PDT"]
[Termination "Iskusnyh won by resignation"]

1. d4 Nf6 2. c4 e6 3. g3 d5 4. Bg2 Bb4+ 5. Nd2 O-O 6. Nf3 dxc4 7. O-O Nc6 8. Nxc4 a6 9. e3 b5 10. Nfe5 Nxe5 11. Nxe5 Nd5 12. Nc6 Qd6 13. Nxb4 Qxb4 14. Qc2 Qe7 15. Bd2 Bb7 16. Rac1 Rac8 17. Rfd1 Ba8 18.
a3 Rfd8 19. Ba5 Rd7 20. Qc5 Qg5 21. e4 Qg4 22. exd5 Bxd5 23. Bxd5 Rxd5 24. Qc6 Rh5 25. Bxc7 Qh3 26. Qg2 Qg4 27. Be5 Rd8 28. f3 Qg6 29. g4 Rh6 30. Rc5 f6 31. Bf4 Rh4 32. Bg3 Rh6 33.
Qe2 e5 34. dxe5 Rxd1+ 35. Qxd1 Qe8 36. Rd5 1-0

[Event "*** Titled Tuesday Blitz"]
[Site "Chess.com"]
[Date "2021.03.30"]
[Round "2"]
[White "tteshan"]
[Black "Leonid_Starozhilov"]
[Result "0-1"]
[WhiteElo "2346"]
[BlackElo "2701"]
[TimeControl "180+1"]
[EndTime "10:17:39 PDT"]
[Termination "Leonid_Starozhilov won by checkmate"]

1. e4 g6 2. d4 Bg7 3. c4 d6 4.
Nc3 Nc6 5. Be3 Nf6 6. Be2 O-O 7. h4 e5 8. d5 Nd4 9. Bxd4 exd4 10. Qxd4 c6 11.
Qd2 Re8 12. f3 cxd5 13. cxd5 Qb6 14. Nh3 Bxh3 15. Rxh3 Rac8 16. Kf1 Nh5 17. g4 Nf4 18. Na4 Qd4 19. Qxf4 Be5 20. Qh6 Qxa4 21. h5 Rc2 22. hxg6 hxg6 23. Qh7+ Kf8 24. Qh6+ Ke7 25. Qg5+ Bf6 26.
Qe3 Rec8 27. g5 Bxb2 28. Re1 R8c3 29. Qf4 Rc8 30. Rh7 Rf8 31. Bd3 Be5 32. Qe3 Rxa2 33. f4 Bd4 34. Qh3 Ra1 35. Rxa1 Qxa1+ 36. Ke2 Qb2+ 37.
Ke1 Qc3+ 38. Ke2 Qb2+ 39. Ke1 Bc3+ 40. Kd1 Qd2# 0-1

[Event "*** Titled Tuesday Blitz"]
[Site "Chess.com"]
[Date "2021.03.30"]
[Round "2"]
[White "Zhigalko_Sergei"]
[Black "Brave_spirit12"]
[Result "1-0"]
[WhiteElo "2887"]
[BlackElo "2568"]
[TimeControl "180+1"]
[EndTime "10:17:40 PDT"]
[Termination "Zhigalko_Sergei won by resignation"]

1. e4 e6 2. d4 d5 3. e5 c5 4. c3 Nc6 5. Nf3 Bd7 6. Be2 f6 7. O-O Qb6 8. c4 O-O-O 9. cxd5 exd5 10. Nc3 Bg4 11. dxc5 Bxc5 12. Na4 Qa5 13. Nxc5 Qxc5 14. Be3 d4 15. Nxd4 Bxe2 16. Qxe2 Nxd4 17. Bxd4 Qxd4 18. Rfd1 Qb6 19. Qg4+ Kb8 20. Qxg7 Nh6 21. Qxh6 Rxd1+ 22. Rxd1 Rd8 23. Rxd8+ Qxd8 24. h3 fxe5 25. Qxh7 Qd1+ 26. Kh2 Qe2 27. Qg8+ Kc7 28. Qf7+ Kb8 29. b4 a6 30. a4 e4 31. a5 Ka7 32. Qf4 Ka8 33. Qf8+ Ka7 34.
Qc5+ Ka8 35. Qd4 Qe1 36. h4 Qe2 37. Qd8+ Ka7 38. Qb6+ Ka8 39. Qe3 Qg4 40. Qg3 Qf5 41. Qg5 Qxf2 42. Qd8+ Ka7 43. Qb6+ Qxb6 44. axb6+ Kxb6 45. h5 1-0

[Event "*** Titled Tuesday Blitz"]
[Site "Chess.com"]
[Date "2021.03.30"]
[Round "2"]
[White "c63_amg"]
[Black "frenchpin"]
[Result "0-1"]
[WhiteElo "2716"]
[BlackElo "2521"]
[TimeControl "180+1"]
[EndTime "10:17:40 PDT"]
[Termination "frenchpin won on time"]

1. e4 e6 2. d4 d5 3. Nc3 Bb4 4.
Ne2 Nf6 5. e5 Nfd7 6. Qd3 c5 7.
Qg3 Kf8 8. a3 Bxc3+ 9. bxc3 b6 10. a4 Ba6 11. a5 Nc6 12. Ba3 Nxa5 13. dxc5 bxc5 14. Bc1 Rb8 15. h4 Qc7 16. h5 h6 17.
Rh4 Bxe2 18. Bxe2 Nc6 19. f4 Ne7 20. Qf2 Nf5 21. Rh3 d4 22. g4 Ne7 23. cxd4 Nd5 24.
Ba3 Nb4 25. Bxb4 cxb4 26. Kd1 Nb6 27. Bf3 Qc3 28. Rxa7 Nc4 29. Bg2 Qb2 30. d5 Qb1+ 31. Ke2 Qxc2+ 32. Kf1 Qc1+ 33. Qe1 Qxf4+ 34. Kg1 Qd4+ 35.
Qf2 Qxf2+ 36. Kxf2 b3 37. Rh1 b2 38. Rb1 Kg8 39. d6 Kh7 0-1

[Event "*** Titled Tuesday Blitz"]
[Site "Chess.com"]
[Date "2021.03.30"]
[Round "2"]
[White "aa175"]
[Black "azikom"]
[Result "0-1"]
[WhiteElo "2481"]
[BlackElo "2693"]
[TimeControl "180+1"]
[EndTime "10:17:40 PDT"]
[Termination "azikom won by resignation"]

1. d4 Nf6 2. Nf3 e6 3. Bf4 b5 4. e3 a6 5. Nbd2 Bb7 6. Bd3 c5 7. c3 d5 8. Ne5 Nc6 9. a4 b4 10. Ndf3 c4 11. Bc2 b3 12. Bb1 Be7 13. Ng5 O-O 14.
Qf3 h6 15. h4 Nxe5 16. dxe5 Nd7 17. Qg4 Kh8 18. Nxf7+ Rxf7 19. Qg6 Qg8 20. Qxe6 Nc5 21. Qg6 Raf8 22. Bxh6 gxh6 23. Qxh6+ Rh7 24. Bxh7 Qxh7 25. Qxh7+ Kxh7 26. O-O Nd3 27. f4 Nxb2 28. g4 Nd3 29. f5 Nxe5 30. g5 Bc5 31. Rfe1 Rxf5 32. Re2 Kg6 33. Kg2 d4+ 34. e4 d3 35. Ree1 Rf2+ 36. Kg3 Rf3+ 37. Kg2 Rf4 38. Kh2 Rxh4+ 39. Kg3 Rg4+ 40.
Kh3 Kxg5 41. a5 Bxe4 42. Rxe4 Rxe4 43. Rf1 Re3+ 44. Kg2 Re2+ 45. Kh1 Re3 46. Rg1+ Kf5 47. Rf1+ Ke6 48. Kg2 d2 49. Kh1 Rxc3 50. Rd1 Rc1 51. Rf1 0-1

[Event "*** Titled Tuesday Blitz"]
[Site "Chess.com"]
[Date "2021.03.30"]
[Round "2"]
[White "Iball95"]
[Black "2nd_life"]
[Result "1-0"]
[WhiteElo "2662"]
[BlackElo "2396"]
[TimeControl "180+1"]
[EndTime "10:17:40 PDT"]
[Termination "Iball95 won on time"]

1. e4 e5 2. Nf3 Nc6 3. Nc3 Nf6 4. Bb5 Bb4 5. O-O O-O 6. d3 Bxc3 7.
bxc3 d6 8. Bg5 Ne7 9. Re1 Ng6 10. d4 h6 11. Bd2 c5 12. h3 Bd7 13. Bf1 Qc7 14.
g3 Rfc8 15. d5 b5 16. c4 bxc4 17. Kh2 Rab8 18. Bxc4 Bb5 19. Qe2 Bxc4 20. Qxc4 Qb7 21. a4 Nd7 22. h4 Nb6 23. Qe2 Qd7 24. a5 Na8 25. h5 Nf8 26. Nh4 f6 27. Nf5 Kh7 28.
Reb1 Nc7 29. Qg4 Ne8 30. c4 Qc7 31. a6 Rxb1 32. Rxb1 Rb8 33. Rxb8 Qxb8 34. Ne7 Qc7 35. Qf5+ Kh8 36. Nc6 Qd7 37. Qxd7 Nxd7 38. Ba5 f5 39.
exf5 Nef6 40. Bc7 Nxh5 41. Nxa7 Nhf6 42. Nb5 1-0